 Dungeon Sprint DCSS version 0.31-a0-986-g5e6e4ef867 (webtiles) character file.

Game seed: 3690821232540638577

513 rocky1 the Martial Artist (level 7, -13/62 HPs)
             Began as a Djinni Shapeshifter on Nov 13, 2023.
             Was an Initiate of Gozag.
             Mangled by a human
             ... wielding a +0 dagger
              (16 damage)
             ... in the Dungeon (Sprint III: "The Ten Rune Challenge").
             The game lasted 00:03:25 (920 turns).

rocky1 the Martial Artist (Djinni Shapeshifter)      Turns: 920, Time: 00:03:26

Health: -13/62     AC:  1    Str: 13    XL:     7   Next: 43%
Gold:   301        EV: 12    Int: 12    God:    Gozag SH:  4 Dex: 14

rFire   + +          +
                       - Unarmed
rCold   x . .        (shield currently unavailable)
rNeg    . . .        a - +0 animal skin
rPois   ∞            (no helmet)
rElec   .            (no cloak)
rCorr   .            (no gloves)
SInv    .            (boots unavailable)
Will    .....        (no amulet)
Stlth   +            (no ring)
HPRegen 0.30/turn    (no ring)
MPRegen 0.00/turn

%: no teleportation, infuse magic (-14 HP)
@: flux-form, flying, hasted, glowing, very quick
A: glow, contaminating, flying, sickness immunity, fire resistance 3, cold
vulnerability 1, float, innate caster, HP casting, extra vitality 1, large bone
plates 1, deformed body, robust 1
a: Begin Untransformation, Renounce Religion, Potion Petition, Call Merchant,
Bribe Branch


You were in the Dungeon.
You worshipped Gozag.
Gozag was aware of your devotion.
You were something dangerously unstable.
You visited 1 branch You collected 301 gold pieces.

Inventory:

Armour
 a - a +0 animal skin (worn)
 f - a +0 cloak of poison resistance
Talismans
 c - a beast talisman
 d - a flux talisman (active)
Scrolls
 j - a scroll of vulnerability {unknown}
 k - 2 scrolls of enchant weapon {unknown}
 l - a scroll of immolation {unknown}
 m - 2 scrolls of poison {unknown}
Potions
 h - 5 potions of mutation
 n - 2 potions of enlightenment {unknown}
Miscellaneous
 b - a phantom mirror


   Skills:
 + Level 6.7 Fighting
 - Level 2.1 Dodging
 * Level 10.1 Unarmed Combat
 + Level 2.7 Spellcasting
 + Level 2.7 Conjurations
 + Level 2.7 Hexes
   Level 0.0 Charms
 + Level 2.7 Summonings
 + Level 2.7 Necromancy
 + Level 2.7 Translocations
 + Level 2.7 Transmutations
 + Level 2.7 Fire Magic
 + Level 2.7 Ice Magic
 + Level 2.7 Air Magic
 + Level 2.7 Earth Magic
 + Level 2.7 Poison Magic
 * Level 7.5 Shapeshifting


You knew the following spells:

 Your Spells              Type           Power      Damage    Failure   Level
a - Sandblast             Erth           16%        2d6       9%          1
b - Wereblood             Tmut           8%         N/A       13%         2
c - Dazzling Flash        Conj/Hex       16%        N/A       26%         3
Your spell library was empty.

Dungeon Overview and Level Annotations

Branches:
Dungeon (1/1)

Altars:
Cheibriados
Dithmenos
Fedhas
Gozag
Hepliaklqana
Makhleb
Nemelex Xobeh
Okawaru
Qazlal
Ru
Trog
Uskayaw
Wu Jian
Xom
Yredelemnul
Jiyva
Lugonu


Innate Abilities, Weirdness & Mutations

You are something dangerously unstable.
You glow with magical radiation, making you easy to see and hit.
Foes you strike become dangerously contaminated with magical radiation.
You are flying.
You are incapable of wielding weapons or throwing items.
You are immune to sickness and miasma.
You are immune to poison.
Your flesh is almost immune to the effects of heat. (rF+++)
You are vulnerable to cold. (rC-)
You float through the air rather than walking.
You learn spells naturally, not from books.
Your magical power is your life essence.
You have superior vitality. (+4 MHP)
You are partially covered in large bone plates. (SH +4)
Armour fits poorly on your strangely shaped body.
You are robust. (+10% HP)


Message History

The human attacks as it pursues you! The human closely misses you.
You block the human's attack.
You hit the human.
The human glows dangerously bright.
The human is moderately wounded.
The human hits you with a +0 dagger! The human hits you.
The human closely misses you.
You punch the human!
The human shudders as magic cascades through it.
The human twists and deforms.
The human is severely wounded.
The human hits you with a +0 dagger. The human barely misses you.
You hit the human.
The human begins to glow.
The human is severely wounded.
The human hits you with a +0 dagger. The human barely misses you.
You punch the human!
The human glows dangerously bright.
The human is almost dead.
The human hits you with a +0 dagger. The human hits you.
You closely miss the human.
The human is almost dead.
The human barely misses you. The human hits you with a +0 dagger!!
* * * LOW HITPOINT WARNING * * *
Unknown command.
Blink to where?
Press: ? - help, Dir - move target
As you read the scroll of blinking, it crumbles to dust.
Okay, then.
You feel better.
You feel yourself speed up.
Unknown command.
You closely miss the human. The human barely misses you.
You miss the human. The human hits you with a +0 dagger!
* * * LOW HITPOINT WARNING * * *
You hit the human.
The human begins to glow.
The human is lightly wounded.
The human completely misses you.
You barely miss the human.
The human is lightly wounded.
The human hits you with a +0 dagger!
You die...
Your body crumbles into a pile of gold.

▓▓▓▓▓▓▓▓ ▓▓▓ <..#...#### ##.#
######## ...#......#####..#
#___#__# ..##....)..#..#..#
#__.#)_#
##.##.##...#..#..###+#'###'##
##.##.###..##'#..#..........#
#.####.##..###..ppp⌠........#
.###†.##..####...#...######'#
#.....##..###....#.⌠.#__#...#
###..##...##.....#...#__#...#
##..##....#......#+###__#...#
#..###..##.#.)...# #__#...+
#..# #.. ####....# #__'...#
▓▓▓▓ ▓▓▓ ▓▓▓▓▓▓ ▓▓▓▓▓▓▓▓


You could see 2 humans.

Vanquished Creatures
  A shadow (D)
  A spatial vortex (D)
  A necrophage (D)
  A water elemental (D)
  A jelly (D)
  Crazy Yiuf (D)
  Jessica (D)
  A necromancer (D)
  A human (D)
  2 rats (D)
11 creatures vanquished.

Notes
Turn   | Place    | Note
-------+----------+-------------------------------------------
     0 | D        | rocky1 the Djinni Shapeshifter began the quest for the Orb.
     0 | D        | Reached XP level 1. HP: 17/17 MP: 0/0
    33 | D        | Noticed Jessica
    40 | D        | Killed Jessica
    41 | D        | Reached skill level 5 in Unarmed Combat
    41 | D        | Reached XP level 2. HP: 16/24 MP: 0/0
    41 | D        | Reached XP level 3. HP: 20/29 MP: 0/0
    41 | D        | Learned a level 1 spell: Sandblast
   319 | D        | Noticed Crazy Yiuf
   330 | D        | Killed Crazy Yiuf
   331 | D        | Reached skill level 6 in Unarmed Combat
   331 | D        | Reached XP level 4. HP: 18/37 MP: 0/0
   386 | D        | Gained mutation: You are robust. (+10% HP) [potion of
                  | mutation]
   386 | D        | Gained mutation: Armour fits poorly on your strangely
                  | shaped body. [potion of mutation]
   386 | D        | Gained mutation: You are partially covered in large bone
                  | plates. (SH +4) [potion of mutation]
   386 | D        | Gained mutation: Your flesh is almost immune to the effects
                  | of heat. (rF+++) [potion of mutation]
   429 | D        | Noticed a water elemental
   433 | D        | Killed a water elemental
   434 | D        | Reached skill level 7 in Unarmed Combat
   434 | D        | Reached XP level 5. HP: 46/46 MP: 0/0
   434 | D        | Learned a level 2 spell: Wereblood
   660 | D        | Reached skill level 5 in Fighting
   660 | D        | Reached skill level 5 in Shapeshifting
   740 | D        | Noticed a shadow
   745 | D        | Killed a shadow
   746 | D        | Reached skill level 9 in Unarmed Combat
   746 | D        | Reached XP level 6. HP: 45/55 MP: 0/0
   775 | D        | Found a blossoming altar of Fedhas.
   775 | D        | Found a stormy altar of Qazlal.
   775 | D        | Found a snail-covered altar of Cheibriados.
   775 | D        | Found a burning altar of Makhleb.
   775 | D        | Found a shimmering altar of Xom.
   775 | D        | Noticed a spatial vortex
   777 | D        | Found a hazy altar of Hepliaklqana.
   777 | D        | Found an opulent altar of Gozag.
   777 | D        | Found a sparkling altar of Nemelex Xobeh.
   777 | D        | Found a corrupted altar of Lugonu.
   777 | D        | Found a viscous altar of Jiyva.
   781 | D        | Became a worshipper of Gozag Ym Sagoz the Greedy
   792 | D        | Killed a spatial vortex
   793 | D        | Reached XP level 7. HP: 55/62 MP: 0/0
   793 | D        | Learned a level 3 spell: Dazzling Flash
   828 | D        | Found a basalt altar of Yredelemnul.
   828 | D        | Found a shadowy altar of Dithmenos.
   828 | D        | Found a sacrificial altar of Ru.
   834 | D        | Reached skill level 10 in Unarmed Combat
   898 | D        | Found a hide-covered altar of Uskayaw.
   898 | D        | Found an iron altar of Okawaru.
   901 | D        | Found a bloodstained altar of Trog.
   901 | D        | Found an ornate altar of the Wu Jian Council.
   901 | D        | Noticed a human
   903 | D        | Noticed a human
   910 | D        | HP: 3/62 [human/+0 dagger (18)]
   918 | D        | HP: 3/62 [human/+0 dagger (8)]
   920 | D        | Mangled by a human

Illustrated notes

Levels and vault maps discovered:
D:        dungeon_sprint_mu [sprint_mu_entry_cave, sprint_mu_temple_rooms,
          sprint_mu_d1_spiders, sprint_mu_d2_genie, sprint_mu_d3_branching,
          sprint_mu_orc_legion, sprint_mu_elf_gauntlet, sprint_mu_hive_nellie,
          sprint_mu_lair_fedhas, sprint_mu_vaults_butterflies,
          sprint_mu_slime_circle, sprint_mu_swamp_cave, sprint_mu_snake_twists,
          sprint_mu_blade_basic, sprint_mu_crypt_chambers,
          sprint_mu_tomb_spiral, sprint_mu_vestibule_basic,
          sprint_mu_gehenna_hellfire, sprint_mu_dis_giant,
          sprint_mu_tartarus_statrot, sprint_mu_cocytus_islands, sprint_mu_zot1]

Skill      XL: |  1  2  3  4  5  6  7 |
---------------+----------------------+-----
Fighting       | 2 4 6 |  6.7
Unarmed Combat | 5 6 7 9 10 | 10.1
Shapeshifting  | 3 4 6 7 |  7.5
Spellcasting   | 2 |  2.7
Conjurations   | 2 |  2.7
Hexes          | 2 |  2.7
Summonings     | 2 |  2.7
Necromancy     | 2 |  2.7
Translocations | 2 |  2.7
Transmutations | 2 |  2.7
Fire Magic     | 2 |  2.7
Ice Magic      | 2 |  2.7
Air Magic      | 2 |  2.7
Earth Magic    | 2 |  2.7
Poison Magic   | 2 |  2.7
Dodging        | |  2.1

Action                     |  1- 3 |  4- 6 |  7- 9 || total
---------------------------+-------+-------+-------++-------
  Melee: Unarmed           |    37 |    18 |    16 ||    71
    Use: Potion            |     2 |     2 |     2 ||     6
         Scroll            |       |       |     1 ||     1
   Stab: Sleeping          |     1 |       |       ||     1
 Armour: Animal skin       |    17 |     5 |    14 ||    36
         Skin              |       |     2 |       ||     2
  Dodge: Dodged            |    19 |     3 |     8 ||    30
  Block: Other             |       |     2 |     2 ||     4
   Form: Flux              |       |     1 |     1 ||     2
         Beast             |       |       |     1 ||     1

Table legend: (Time is in decaauts)
 A = Elapsed time spent in this place.
 B = Non-inter-level travel time spent in this place.
 C = Inter-level travel time spent in this place.
 D = Time resting spent in this place.
 E = Time spent auto-exploring this place.
 F = Levels seen in this place.
 G = Mean time per level.
                   A        B        C        D        E       F      G
               +--------+--------+--------+--------+--------+-----+--------+
         Total |    920 |    920 |      0 |    656 |      8 |   1 |  920.0 |
       Dungeon |    920 |    920 |      0 |    656 |      8 |   1 |  920.0 |
               +--------+--------+--------+--------+--------+-----+--------+

Top non-repeatable levels by time:
       D: 920 daAuts
